 Dungeon Crawl Stone Soup version 0.30.0 (webtiles) character file.

Game seed: 13035822486995514798

26 Dani the Chopper (level 2, -4/24 HPs)
             Began as a Demonspawn Fighter on May 20, 2023.
             Slain by a gnoll
             ... wielding a +0 flail
              (10 damage)
             ... on level 1 of the Dungeon.
             The game lasted 00:01:07 (665 turns).

Dani the Chopper (Demonspawn Fighter)                Turns: 665, Time: 00:01:07

Health: -4/24      AC:  6    Str: 16    XL:     2   Next: 89%
Magic:  2/2        EV:  8    Int:  9    God:
Gold:   72         SH:  4    Dex: 12    Spells: 1/1 levels left

rFire   . . .        g - +0 war axe (vamp)
rCold   . . .        c - +0 buckler
rNeg    . . .        b - +0 scale mail
rPois   .            (helmet restricted)
rElec   .            (no cloak)
rCorr   .            (no gloves)
SInv    .            (no boots)
Will    .....        (no amulet) Stlth
                     (no ring)
HPRegen 0.24/turn    (no ring)
MPRegen 0.08/turn

%: no passive effects
@: mighty
A: horns 1
a: no special abilities


You were on level 1 of the Dungeon.
You visited 1 branch of the dungeon, and saw 1 of its levels.

You collected 72 gold pieces.

Inventory:

Hand Weapons
 a - a +0 war axe
 g - a +0 vampiric war axe (weapon)
   (You found it on level 1 of the Dungeon)
Armour
 b - a +0 scale mail (worn)
 c - a +0 buckler (worn)
Jewellery
 f - a ring of positive energy
   (You found it on level 1 of the Dungeon)
Scrolls
 R - a scroll of identify {@r1}
Potions
 e - a potion of mutation {unknown}
 Q - a potion of curing {@q1}


   Skills:
 - Level 3.0 Fighting
 + Level 3.1 Axes
 - Level 2.6 Armour
 - Level 2.6 Shields


You had one spell level left.
You didn't know any spells.
Your spell library was empty.

Dungeon Overview and Level Annotations

Branches:
Dungeon (1/15)

Altars:


Innate Abilities, Weirdness & Mutations

You have a pair of small horns on your head.


Message History

The kobold hits you but does no damage. x2
A kobold is nearby!
A kobold is nearby!
You closely miss the kobold.
The kobold is moderately wounded.
You block the kobold's attack.
You hit the kobold.
You kill the kobold!
Key pressed, stopping explore.
No target in view!
Key pressed, stopping explore.
No target in view!
You see here a +0 short sword.
A kobold comes into view. It is wielding a +0 dagger.
The kobold shouts!
A kobold is nearby!
Found 13 gold pieces.
A kobold is nearby!
A kobold is nearby!
You slash the kobold!
You kill the kobold!
Things that are here:
a +0 dagger; a kobold corpse Key pressed, stopping explore.
No target in view!
You now have 46 gold pieces (gained 13).
Key pressed, stopping explore.
No target in view!
Key pressed, stopping explore.
No target in view!
Key pressed, stopping explore.
No target in view!
An endoplasm comes into view.
The endoplasm quivers.
An endoplasm is nearby!
An endoplasm is nearby!
An endoplasm is nearby!
You hit the endoplasm. Your headbutt misses the endoplasm.
The endoplasm is lightly wounded.
The endoplasm barely misses you.
You slash the endoplasm!
You kill the endoplasm!
No target in view!
No target in view!
You now have 58 gold pieces (gained 12).
Key pressed, stopping explore.
Key pressed, stopping explore.
Key pressed, stopping explore.
Key pressed, stopping explore.
Key pressed, stopping explore.
Things that are here:
a +0 dagger; a kobold corpse A goblin comes into view.
It is wielding a +0 dagger.
Found a stone staircase leading down.
The goblin shouts!
The goblin hits you but does no damage.
A goblin is nearby!
You barely miss the goblin. The goblin hits you but does no damage.
You slash the goblin!
You kill the goblin!
You see here a +0 dagger.
Key pressed, stopping explore.
No target in view!
You see here a +0 dagger.
Key pressed, stopping explore.
No target in view!
There is a stone staircase leading down here.
Key pressed, stopping explore.
No target in view!
You now have 72 gold pieces (gained 14).
Key pressed, stopping explore.
You see here a +0 leather armour.
Key pressed, stopping explore.
A dart slug comes into view.
A gnoll comes into view. It is wielding a +0 flail.
Found 2 stones.
The gnoll shouts!
Found 15 gold pieces.
The gnoll hits you with a +0 flail!
* * * LOW HITPOINT WARNING * * *
The dart slug launches a dart at you. The slug dart hits you.
* * * LOW HITPOINT WARNING * * *
You are too injured to fight recklessly!
You are too injured to fight recklessly!
You are too injured to fight recklessly!
You are too injured to fight recklessly!
You are too injured to fight recklessly!
You hit the gnoll.
You feel better.
The gnoll is moderately wounded.
You hit the dart slug but do no damage. The gnoll hits you with a +0 flail!
* * * LOW HITPOINT WARNING * * *
The dart slug closely misses you. You block the gnoll's attack.
You barely miss the gnoll.
The gnoll is moderately wounded.
You hit the dart slug but do no damage. You block the gnoll's attack.
The dart slug bites you but does no damage.
You feel very mighty all of a sudden. The gnoll hits you with a +0 flail!
You die...

.### #........###.....##.##.# #.
.†.# ###.#.....#.....###.##.###.
.#.# #..#............#.....##.
##.# ##.................#..##.
#.# ##########.#####.##..##. #.#
#...........##. #.#
###############.##..##.
##.########......########.##..##.
).........+.(..w@................
##.########....g.########.##..##.
#.# #......# ####.##..##.
##'########.....$# #...........
#........##......# #.##.##..##.
#........##......# #...)#......
'.)......######### ###.....>###
#........# #.##.### ##########
###### #.##.#


You could see a gnoll and a dart slug.

Vanquished Creatures
  A dart slug (D:1)
  A bat (D:1)
  An endoplasm (D:1)
  5 goblins (D:1)
  3 hobgoblins (D:1)
  2 quokkas (D:1)
  4 ball pythons (D:1)
  2 frilled lizards (D:1)
  2 kobolds (D:1)
  A rat (D:1)
22 creatures vanquished.

Notes
Turn   | Place    | Note
-------+----------+-------------------------------------------
     0 | D:1      | Dani the Demonspawn Fighter began the quest for the Orb.
     0 | D:1      | Reached XP level 1. HP: 18/18 MP: 1/1
    11 | D:1      | Reached skill level 2 in Axes
   153 | D:1      | Gained mutation: You have a pair of small horns on your
                  | head. [demonic ancestry]
   153 | D:1      | Reached XP level 2. HP: 24/24 MP: 2/2
   411 | D:1      | Reached skill level 3 in Axes
   663 | D:1      | HP: 5/24 [gnoll/+0 flail (7)]
   665 | D:1      | Slain by a gnoll

Illustrated notes

Levels and vault maps discovered:
D:1:      onia_arrival_pyramid, layout_basic

Skill      XL: |  1  2 |
---------------+-------+-----
Axes           | 2 3 |  3.1
Fighting       | |  3.0
Armour         | |  2.6
Shields        | |  2.6

Action                     || total
---------------------------++-------
  Melee: War axe           ||    63
         Headbutt          ||     5
    Use: Scroll            ||     2
         Potion            ||     1
 Armour: Scale mail        ||    35
  Dodge: Dodged            ||    14
  Block: Buckler           ||    14

Levels and vault maps discovered:
D:1:      onia_arrival_pyramid, layout_basic

Table legend: (Time is in decaauts)
 A = Elapsed time spent in this place.
 B = Non-inter-level travel time spent in this place.
 C = Inter-level travel time spent in this place.
 D = Time resting spent in this place.
 E = Time spent auto-exploring this place.
 F = Levels seen in this place.
 G = Mean time per level.
                   A        B        C        D        E       F      G
               +--------+--------+--------+--------+--------+-----+--------+
         Total |    690 |    690 |      0 |      0 |    521 |   1 |  690.0 |
       Dungeon |    690 |    690 |      0 |      0 |    521 |   1 |  690.0 |
               +--------+--------+--------+--------+--------+-----+--------+

Top non-repeatable levels by time:
     D:1: 690 daAuts

Table legend:
 A = Kills in this place as a percentage of kills in the entire game.
 B = Kills by you in this place as a percentage of kills by you in the entire game.
 C = Kills by friends in this place as a percentage of kills by friends in the entire game.
 D = Other kills in this place as a percentage of other kills in the entire game.
 E = Experience gained in this place as a percentage of experience gained in the entire game.
 F = Experience gained in this place divided by the number of levels of this place that you have seen.
                   A       B       C       D       E      F
               +-------+-------+-------+-------+-------+----------------------
         Total | 100.0 | 100.0 |   N/A |   N/A | 100.0 |  38.0
       Dungeon | 100.0 | 100.0 |   N/A |   N/A | 100.0 |  38.0
               +-------+-------+-------+-------+-------+----------------------
